 Dungeon Crawl Stone Soup version 0.29.0-4-gdea44cf6ec (webtiles) character file.

Game seed: 17132553194132509928

24 qw the Chopper (level 3, -7/21 HPs)
             Began as a Tengu Warper on Aug 28, 2022.
             Mangled by Sigmund
             ... wielding a +0 scythe
              (10 damage)
             ... on level 2 of the Dungeon.
             The game lasted 00:00:05 (923 turns).

qw the Chopper (Tengu Warper)                        Turns: 923, Time: 00:00:05

Health: -7/21      AC:  5    Str: 13    XL:     3   Next: 2%
Magic:  7/7        EV: 11    Int: 13    God:
Gold:   46         SH:  0    Dex: 13    Spells: 6/6 levels left

rFire   . . .      SeeInvis .   Y - +0 hand axe
rCold   . . .      Faith    .   (no shield)
rNeg    . . .      Spirit   .   k - +0 ring mail
rPois   .          Reflect  .   (helmet restricted)
rElec   .          Harm     .   (no cloak)
rCorr   .          Rampage  .   (no gloves)
Will    .....                   (boots unavailable)
Stlth   +.........              (no amulet)
HPRegen 0.07/turn               (no ring)
MPRegen 0.10/turn               (no ring)

@: no status effects
A: beak, talons 3
a: no special abilities


You were on level 2 of the Dungeon.
You visited 1 branch of the dungeon, and saw 2 of its levels.

You collected 46 gold pieces.


Innate Abilities, Weirdness & Mutations

You have a beak for a mouth.
You have claws for feet.


   Skills:
 - Level 2.0 Fighting
 + Level 3.7 Axes
 - Level 1.0 Throwing
 - Level 1.1 Armour
 - Level 2.1 Dodging
 - Level 2.0 Spellcasting
 - Level 2.4 Translocations


You had 6 spell levels left.
You didn't know any spells.
Your spell library contained the following spells:

 Spells                   Type           Power      Damage    Failure   Level
 Blink                    Tloc           14%        N/A       30%         2
 Gell's Gravitas          Tloc           7%         N/A       52%         3
 Lesser Beckoning         Tloc           7%         N/A       52%         3
 Teleport Other           Tloc           7%         N/A       52%         3
 Manifold Assault         Tloc           7%         N/A       99%         5

Inventory:

Hand Weapons
 i - a +0 whip
 Y - a +0 hand axe (weapon)
Armour
 k - a +0 ring mail (worn)
Scrolls
 a - a scroll of identify
Potions
 d - a potion of attraction {unknown}
 e - a potion of brilliance {unknown}
 l - a potion of resistance {unknown}

Dungeon Overview and Level Annotations

Branches:
Dungeon (2/15)

Altars:

Shops:
D:1 [

Annotations:
D:2 Sigmund


Message History

(D) Dungeon
Where to? (* - list waypoints, ? - help)
What level of the Dungeon? (default 1, ? - help)
You swap places.
You swap places.
You open the door.
There is an open door here.
You open the door.
There is an open door here.
Your butterfly disappears in a burst of colours!
There is a stone staircase leading down here.
You climb downwards.
There is a stone staircase leading up here.
Existing waypoints: (2) D:1 Assign waypoint to what number? (0-9, D - delete waypoint) Waypoint 1 assigned to D:2.
Sigmund the Dreaded comes into view.
He is wielding a +0 scythe.
Sigmund points at you and mumbles some strange words.
The magic dart hits you.
Sigmund hits you from afar with a +0 scythe!
You closely miss Sigmund. Your kick misses Sigmund. Your peck misses Sigmund.
Sigmund gestures at you while chanting. You resist with significant effort.
You hit Sigmund.
Sigmund is lightly wounded.
Sigmund points at you and mumbles some strange words.
You resist with significant effort.
You hit Sigmund. Your kick misses Sigmund.
Sigmund is moderately wounded.
Sigmund laughs darkly.
Sigmund hits you with a +0 scythe.
You closely miss Sigmund. You claw Sigmund, but do no damage.
Sigmund is moderately wounded.
Sigmund gestures at you while chanting. The puff of flame misses you.
You hit Sigmund. You peck Sigmund, but do no damage.
Sigmund is heavily wounded.
Sigmund hits you with a +0 scythe!
You die...

#########
###.......##
.......@..#
#..#.##@.#
#..#.##..#####.
#..............
#..#.##..#####.
#..#.##..#
#.###........#
#......<....##
#######.#####
#.#


You could see Sigmund.

Vanquished Creatures
  2 ball pythons (D:1)
  2 endoplasms (D:1)
  2 giant cockroaches (D:1)
  A goblin (D:1)
  2 hobgoblins (D:1)
  3 kobolds (D:1)
  2 quokkas (D:1)
  3 bats (D:1)
  A frilled lizard (D:1)
  2 rats (D:1)
20 creatures vanquished.

Notes
Turn   | Place    | Note
-------+----------+-------------------------------------------
     0 | D:1      | qw the Tengu Warper began the quest for the Orb.
     0 | D:1      | Reached XP level 1. HP: 12/12 MP: 4/4
     0 | D:1      | 0 ||| qw: Version: 0.1-a-89-g26bdef1
     0 | D:1      | 0 ||| qw: Game counter: 1178
     0 | D:1      | 0 ||| qw: Always use a shield: true
     0 | D:1      | 0 ||| qw: God list: Okawaru
     0 | D:1      | 0 ||| qw: Allow faded altars: false
     0 | D:1      | 0 ||| qw: Do Orc after D:15 true
     0 | D:1      | 0 ||| qw: Do second Lair branch before Depths: true
     0 | D:1      | 0 ||| qw: Lair rune preference: random
     0 | D:1      | 0 ||| qw: Plans: Normal
     0 | D:1      | 0 ||| PLANNING D:1-11
   105 | D:1      | Found Yqigapi's Armour Shop.
   121 | D:1      | 121 ||| SHOPLISTING +0 buckler (54 gold, have 17).
   121 | D:1      | 121 ||| SHOPLISTING +0 ring mail (48 gold, have 17).
   121 | D:1      | 121 ||| SHOPLISTING +2 robe of cold resistance (212 gold,
                  | have 17).
   121 | D:1      | 121 ||| SHOPLISTING +2 robe of willpower (212 gold, have
                  | 17).
   121 | D:1      | 121 ||| SHOPLISTING +4 Cigotuvi's embrace {rMiasma Drain
                  | rN+} (331 gold, have 17).
   154 | D:1      | Reached XP level 2. HP: 17/17 MP: 6/6
   161 | D:1      | Reached skill level 3 in Axes
   240 | D:1      | Found a faded altar of an unknown god.
   658 | D:1      | Reached XP level 3. HP: 15/21 MP: 7/7
   849 | D:1      | 849 ||| UPGRADING to +0 ring mail.
   859 | D:1      | 859 ||| DROPPING +0 leather armour.
   860 | D:1      | 860 ||| READING 2 scrolls labelled XAUDIT XUTYOKHI.
   861 | D:1      | 861 ||| READING scroll labelled EXKAGO JIGGU.
   862 | D:1      | 862 ||| READING scroll labelled UNYDDY KIBRE.
   863 | D:1      | 863 ||| READING scroll labelled ULEPIN CYLU.
   864 | D:1      | 864 ||| DROPPING scroll of blinking.
   916 | D:2      | Noticed Sigmund
   921 | D:2      | HP: 3/21 [Sigmund/+0 scythe (6)]
   923 | D:2      | Mangled by Sigmund

Levels and vault maps discovered:
D:1:      dpeg_cavernosity, layout_basic, hellmonk_ecumenical_altar_run_dry,
          serial_shops, nicolae_shop_crystal
D:2:      layout_loops_corners, uniq_sigmund

Skill      XL: |  1  2 |
---------------+-------+-----
Axes           | 3 |  3.7
Fighting       | |  2.0
Throwing       | |  1.0
Armour         | |  1.1
Dodging        | |  2.1
Spellcasting   | |  2.0
Translocations | |  2.4

Action                   || total
-------------------------++-------
Melee: Hand axe          ||    47
       Kick              ||     9
       Peck              ||     3
       Punch             ||     1
Throw: Boomerang         ||     7
  Use: Scroll            ||     4
Armor: Leather armour    ||    12
Dodge: Dodged            ||    27

Table legend:
 A = Non-vault XP
 B = Vault XP
 C = Vault XP percentage of total XP
 D = Non-vault monster count
 E = Vault monster count
 F = Vault count percentage of total count
                 A         B        C        D         E       F
            +---------+---------+-------+---------+---------+-------
      Total |      27 |       8 |  22.9 |      16 |       4 |  20.0
            +---------+---------+-------+---------+---------+-------
        D:1 |      27 |       8 |  22.9 |      16 |       4 |  20.0
            +---------+---------+-------+---------+---------+-------
